 Dungeon Crawl Stone Soup version 0.29.1-1-gd02db69 (webtiles) character file.

Game seed: 11390091063523902357

7018 Vaargak the Blocker (level 10, 0/84 HPs)
             Began as a Red Draconian Berserker on Sept 26, 2022.
             Was a Priest of Trog.
             Slain by a skeletal warrior
             ... wielding a +0 glaive
              (18 damage)
             ... on level 9 of the Dungeon.
             The game lasted 01:13:13 (9878 turns).

Vaargak the Blocker (Red Draconian Berserker)       Turns: 9878, Time: 01:13:13

Health: 0/84       AC: 11    Str: 25    XL:     10   Next: 82%
Magic:  10/10      EV: 12    Int:  7    God:    Trog [***...]
Gold:   493        SH: 20    Dex: 16    Spells: 9/9 levels left

rFire   + . .      SeeInvis .   o - +6 spear "Ulasutad" {elec, rC+}
rCold   + . .      Faith    .   p - +4 tower shield
rNeg    . . .      Spirit   .   (body armour unavailable)
rPois   .          Reflect  .   (helmet restricted)
rElec   .          Harm     .   k - +1 cloak
rCorr   .          Rampage  .   E - +0 pair of gloves
Will    ++...                   e - +0 pair of boots
Stlth   +++.......              (no amulet)
HPRegen 1.24/turn               t - +6 ring of dexterity
MPRegen 0.12/turn               (no ring)

@: short of breath, strong-willed, on berserk cooldown, regenerating
A: breathe fire, AC +7, unfitting armour, fire resistance 1, cold-blooded
a: Breathe Fire, Renounce Religion, Berserk, Trog's Hand


You were on level 9 of the Dungeon.
You worshipped Trog.
Trog was most pleased with you.
You visited 2 branches of the dungeon, and saw 10 of its levels.

You collected 493 gold pieces.

Inventory:

Hand Weapons
 o - the +6 spear "Ulasutad" (weapon) {elec, rC+}
   (You found it on level 3 of the Dungeon)

   It occasionally discharges a powerful burst of electricity upon striking a
   foe.
   rC:        It protects you from cold.
 q - a +5 scythe of flaming
Missiles
 s - a throwing net (quivered)
Armour
 e - a +0 pair of boots (worn)
 k - a +1 cloak (worn)
 p - a +4 tower shield (worn)
 E - a +0 pair of gloves (worn)
Jewellery
 t - a +6 ring of dexterity (left hand)
Wands
 a - a wand of paralysis (1)
 z - a wand of quicksilver (8)
 B - a wand of digging (3)
Scrolls
 b - a scroll of torment
 d - 4 scrolls of blinking
 i - a scroll of immolation
 l - 5 scrolls of fog
 n - 3 scrolls of magic mapping
 r - 3 scrolls of enchant weapon
 u - a scroll of teleportation
 y - a scroll of poison
 D - a scroll of noise
Potions
 c - a potion of invisibility
 f - a potion of haste
 g - 5 potions of curing
 h - 3 potions of brilliance
 m - a potion of berserk rage
 v - a potion of magic
 x - a potion of degeneration
 A - a potion of ambrosia
 C - a potion of attraction


   Skills:
 + Level 6.8 Fighting
 - Level 4.0 Maces & Flails
 * Level 9.1 Polearms
 + Level 6.4 Dodging
 + Level 4.5 Stealth
 * Level 9.7 Shields


You had 9 spell levels left.
You didn't know any spells.
Your spell library was empty.

Dungeon Overview and Level Annotations

Branches:
Dungeon (9/15)             Temple (1/1) D:6
   Lair: D:8-11         Orc: D:9-12

Altars:
Ashenzari
Cheibriados
Dithmenos
Elyvilon
Gozag
Kikubaaqudgha
Makhleb
Nemelex Xobeh
Okawaru
Qazlal
Ru
Sif Muna
Trog
Uskayaw
Wu Jian
Xom
Yredelemnul
Zin
The Shining One

Shops:
D:2 !

Annotations:
D:8 3 runed translucent doors, mattm's ghost, novice BaFi


Innate Abilities, Weirdness & Mutations

You can breathe blasts of fire.
Your fiery red scales are hard. (AC +7)
You cannot fit into any form of body armour.
Your flesh is heat resistant. (rF+)
You are cold-blooded and may be slowed by cold attacks.


Message History

Lightning courses through the skeletal warrior!!
The skeletal warrior is moderately damaged.
The skeletal warrior hits you with a +0 glaive.
The skeletal warrior attacks as you move away!
The skeletal warrior misses you.
The skeletal warrior completely misses you.
The skeletal warrior hits you from afar with a +0 glaive!
You block the skeletal warrior's attack.
The skeletal warrior hits you with a +0 glaive!
You hit the skeletal warrior.
The skeletal warrior is moderately damaged.
You block the skeletal warrior's attack.
Your skin crawls.
You feel strong-willed.
You can no longer call in reinforcements.
The skeletal warrior closely misses you.
You block the skeletal warrior's attack.
You hit the skeletal warrior.
The skeletal warrior is moderately damaged.
You block the skeletal warrior's attack.
You closely miss the skeletal warrior.
You tail-slap the skeletal warrior, but do no damage.
The skeletal warrior is moderately damaged.
You block the skeletal warrior's attack.
Aiming: Breathe Fire (3% risk of failure)
Press: ? - help, Shift-Dir - straight line, f - skeletal warrior
Aim: a skeletal warrior, wielding a +0 glaive (moderately damaged, 68% to hit)
You breathe a blast of fire.
The fiery breath misses the skeletal warrior.
You block the skeletal warrior's attack.
The skeletal warrior hits you with a +0 glaive!
You hit the skeletal warrior but do no damage.
The skeletal warrior is moderately damaged.
The skeletal warrior hits you with a +0 glaive!!
* * * LOW HITPOINT WARNING * * *
You feel better.
You feel yourself speed up.
You block the skeletal warrior's attack.
The skeletal warrior hits you with a +0 glaive!!
You die...

#....##......)........
####.##.##............
#.##.##............
#....##.#.#.###....
#.##.##.#.#.# #....
####.##÷##.#.#.# #....
#............#.###....
#.##.##.##...#.#......
#....@z.z.☼....#.##...
###.###.##...#........
#.# #......###.##...
#.###)###..###.###).
#....)###......#....
####...##..#####..:.
#...##..# #....
#...##..#####....
#...##...........


You could see 2 skeletal warriors.

Vanquished Creatures
  2 skeletal warriors (D:9)
  Maurice (D:8)
  The ghost of bobfrom10 the Trooper, an amateur OgGl (D:4)
  A troll (D:9)
  Sigmund (D:3)
  A vampire (D:9)
  6 yaks
  2 humans (D:9)
  A yak (shapeshifter) (D:9)
  Menkaure (D:7)
  2 acid dragons (D:9)
  2 water moccasins
  4 orc warriors
  4 ice beasts
  2 black bears
  A centaur (D:6)
  An ogre (D:6)
  2 kobold brigands
  2 phantoms
  3 bullfrogs
  A necrophage (D:7)
  3 scorpions
  4 killer bees (D:8)
  4 jellies
  11 orc priests
  4 hounds
  Jessica (D:3)
  2 iguanas
  8 orc wizards
  6 gnolls
  4 adders
  A shadow imp (D:7)
  2 worms
  6 dart slugs
  35 orcs
  9 ball pythons
  5 endoplasms
  A giant cockroach (D:1)
  3 hobgoblins
  11 jackals
  4 quokkas
  4 bats
  4 goblins
  14 kobolds
  3 rats
190 creatures vanquished.

Vanquished Creatures (others)
  A fungus (D:1)
1 creature vanquished.

Grand Total: 191 creatures vanquished

Notes
Turn   | Place    | Note
-------+----------+-------------------------------------------
     0 | D:1      | Vaargak the Draconian Berserker began the quest for the
                  | Orb.
     0 | D:1      | Reached XP level 1. HP: 19/19 MP: 1/1
   332 | D:1      | Reached XP level 2. HP: 23/26 MP: 2/2
  1051 | D:1      | Found a faded altar of an unknown god.
  1373 | D:2      | Reached XP level 3. HP: 17/33 MP: 3/3
  1607 | D:2      | Found Qamia's Distillery.
  1918 | D:2      | Reached ** piety under Trog
  1923 | D:2      | Reached XP level 4. HP: 30/40 MP: 4/4
  2360 | D:3      | Identified the +6 spear "Ulasutad" {elec, rC+}
  2528 | D:3      | Found a faded altar of an unknown god.
  2533 | D:3      | Found a basalt altar of Yredelemnul.
  2801 | D:3      | Noticed Sigmund
  2807 | D:3      | Killed Sigmund
  2808 | D:3      | Reached skill level 1 in Stealth
  2808 | D:3      | Reached XP level 5. HP: 42/47 MP: 5/5
  3030 | D:3      | Identified the +1 leather armour of Dowdy Contentment
                  | {Str+3}
  3127 | D:3      | Noticed Jessica
  3129 | D:3      | Killed Jessica
  3130 | D:3      | Reached XP level 6. HP: 55/55 MP: 6/6
  3371 | D:4      | Reached skill level 1 in Shields
  3491 | D:4      | Noticed bobfrom10's ghost (amateur OgGl)
  3636 | D:4      | Reached skill level 5 in Fighting
  4032 | D:4      | Found a transporter.
  4037 | D:4      | Found a transporter.
  4208 | D:5      | Entered Level 5 of the Dungeon
  4328 | D:5      | Your scales start taking on a fiery red colour.
  4328 | D:5      | Reached XP level 7. HP: 61/61 MP: 7/7
  4328 | D:5      | Gained mutation: Your flesh is heat resistant. (rF+) [Red
                  | Draconian growth]
  5008 | D:5      | Reached *** piety under Trog
  5009 | D:5      | Reached skill level 5 in Polearms
  5009 | D:5      | Reached XP level 8. HP: 65/68 MP: 8/8
  6023 | D:6      | Found a staircase to the Ecumenical Temple.
  6030 | Temple   | Entered the Ecumenical Temple
  6714 | D:7      | Reached skill level 5 in Shields
  6714 | D:7      | Reached XP level 9. HP: 75/75 MP: 9/9
  6825 | D:7      | Reached skill level 5 in Dodging
  7091 | D:7      | Noticed Menkaure
  7104 | D:7      | Killed Menkaure
  7417 | D:8      | Found a runed translucent gate.
  7418 | D:8      | Found a runed translucent gate.
  7419 | D:8      | Found a runed translucent gate.
  7422 | D:8      | Noticed mattm's ghost (novice BaFi)
  7600 | D:8      | Noticed Maurice
  7638 | D:8      | Killed Maurice
  7888 | D:8      | Reached **** piety under Trog
  7895 | D:8      | Reached XP level 10. HP: 64/84 MP: 10/10
  8387 | D:4      | Killed bobfrom10's ghost
  8649 | D:9      | Noticed a manticore
  9573 | D:9      | Found an iron altar of Okawaru.
  9822 | D:9      | Noticed a skeletal warrior
  9822 | D:9      | Noticed a skeletal warrior
  9822 | D:9      | Noticed a skeletal warrior
  9845 | D:9      | Killed a skeletal warrior
  9853 | D:9      | Killed a skeletal warrior
  9858 | D:9      | Noticed a skeletal warrior
  9878 | D:9      | Slain by a skeletal warrior

Illustrated notes

Levels and vault maps discovered:
D:1:      dpeg_arrival_arbitrary_c, layout_loops_ring,
          dreamdust_ecumenical_altar_hidden_monk_grotto
D:2:      layout_rooms, serial_shops, shop, chequers_serial_rivers_micro_b,
          hangedman_decor_clover_reticule, minivault_11, hex_medium,
          nicolae_grassy_gnolls
D:3:      layout_basic, nicolae_overflow_ecumenical_swirl, uniq_jessica,
          uniq_sigmund
D:4:      layout_loops_ring, gammafunk_ghost_arena
D:5:      layout_basic
D:6:      layout_loops_corners, minmay_temple_entry_statues_pillars
D:7:      layout_basic, uniq_menkaure
D:8:      layout_rooms, gammafunk_ghost_split, uniq_maurice
D:9:      cheibrodos_elevator_heist, layout_basic,
          nicolae_hepliaklqana_monster_ancestors, okawaru_humans,
          minmay_misc_feat_hallway, dreamdust_princess_bridge, uniq_psyche
Temple:   bh_familiar_temple

Skill      XL: |  1  2  3  4  5  6  7  8  9 10 |
---------------+-------------------------------+-----
Dodging        | 3 4 5 6 |  6.4
Fighting       | 4 5 6 |  6.8
Maces & Flails | 4 |  4.0
Polearms       | 2 3 5 6 8 9 |  9.1
Stealth        | 1 2 3 4 |  4.5
Shields        | 2 3 5 7 9 |  9.7

Action                   |  1- 3 |  4- 6 |  7- 9 | 10-12 || total
-------------------------+-------+-------+-------+-------++-------
Melee: Mace              |    99 |    13 |       |       ||   112
       Tailslap          |     9 |     7 |    32 |    21 ||    69
       Punch             |     1 |       |       |       ||     1
       Spear             |       |    94 |   235 |   126 ||   455
Invok: Berserk           |       |     1 |     5 |     4 ||    10
       Trog's Hand       |       |       |     3 |     2 ||     5
       Brothers in Arms  |       |       |       |     1 ||     1
 Abil: Breathe Fire      |       |       |     8 |     4 ||    12
  Use: Scroll            |       |       |    23 |     8 ||    31
       Potion            |       |       |     1 |     4 ||     5
 Stab: Sleeping          |       |     1 |     5 |     1 ||     7
Armor: Skin              |    44 |    30 |    56 |    22 ||   152
Dodge: Dodged            |    66 |    25 |    59 |    31 ||   181
Block: Tower shield      |       |    39 |   175 |   107 ||   321
